[Event "ICC tourney 2517 (60 10)"]
[Site "Internet Chess Club"]
[Date "2021.04.18"]
[Round "4"]
[White "CAO, KAYLEE:K624"]
[Black "LUKOSE, JOYCE:IcePotato"]
[Result "1/2-1/2"]
[ICCResult "Game drawn because neither player has mating material"]
[WhiteElo "1299"]
[BlackElo "1271"]
[Opening "French: exchange variation"]
[ECO "C01"]
[NIC "FR.01"]
[Time "10:02:54"]
[PlyCount "106"]
[TimeControl "3600+10"]

1. e4 e6 2. d4 d5 3. exd5 exd5 4. Nf3 Nf6 5. Nc3 Bb4 6. Bg5 Bg4 7. Be2 Nbd7
8. O-O O-O 9. h3 Bh5 10. Nxd5 Bd6 11. Nxf6+ Nxf6 12. c3 h6 13. Bxf6 Qxf6
14. Nd2 Bxe2 15. Qxe2 Rfe8 16. Qf3 Qxf3 17. Nxf3 Re6 18. Rfe1 Rae8 19. Rxe6
Rxe6 20. Re1 Rxe1+ 21. Nxe1 Kf8 22. Kf1 Ke7 23. Ke2 Ke6 24. Ke3 g5 25. g4
f5 26. f3 Bf4+ 27. Kd3 fxg4 28. fxg4 Kd5 29. b3 b5 30. c4+ bxc4+ 31. bxc4+
Kd6 32. Nc2 c5 33. dxc5+ Kxc5 34. Kc3 Be5+ 35. Kb3 a5 36. a3 a4+ 37. Kxa4
Kxc4 38. Ne3+ Kd3 39. Nf5 Ke4 40. Nxh6 Kf3 41. Nf7 Bf6 42. Ka5 Kg3 43. a4
Kxh3 44. Kb5 Kg3 45. a5 Kxg4 46. a6 Bd4 47. Kc6 Kf4 48. Nd8 Kf5 49. Nf7 g4
50. Nh6+ Kf4 51. Nxg4 Kxg4 52. Kb7 Be3 53. a7 Bxa7 { Game drawn because
neither player has mating material } 1/2-1/2

[Event "ICC tourney 2517 (60 10)"]
[Site "Internet Chess Club"]
[Date "2021.04.18"]
[Round "4"]
[White "JOSEPH, JAHIA:ZhonglisMeteor"]
[Black "DINGLASAN, MATTHEW S:jedimastermatt"]
[Result "0-1"]
[ICCResult "White checkmated"]
[WhiteElo "1385"]
[BlackElo "1547"]
[Opening "Queen's bishop game"]
[ECO "D00"]
[NIC "QP.08"]
[Time "10:02:58"]
[PlyCount "108"]
[TimeControl "3600+10"]

1. d4 d5 2. Bf4 Nf6 3. Nf3 Bf5 4. e3 c6 5. Ne5 Nbd7 6. Nxd7 Qxd7 7. Be2 e6
8. h4 h6 9. Nd2 Bd6 10. g3 Bxf4 11. gxf4 O-O-O 12. Rg1 Rhg8 13. Nf3 Qe7 14.
Ne5 Nd7 15. c3 Nxe5 16. fxe5 Qxh4 17. Qd2 Qe4 18. Bf1 Qc2 19. Qxc2 Bxc2 20.
Kd2 Bf5 21. Be2 g5 22. Bh5 Bg6 23. Rh1 Rg7 24. Ke2 Rh8 25. Rh2 Bxh5+ 26.
Rxh5 Kd7 27. Rah1 Rg6 28. f3 Ke7 29. Kd3 f5 30. exf6+ Rxf6 31. Rxg5 Rxf3
32. Rg7+ Rf7 33. Rg6 h5 34. Rg5 h4 35. Rg4 h3 36. Rg3 h2 37. Rg2 Rfh7 38.
Ke2 Rh3 39. Rf2 R8h7 40. a4 a5 41. b4 b6 42. Kd2 Kd6 43. bxa5 bxa5 44. Kd3
R7h4 45. Ra2 Re4 46. Re2 Reh4 47. c4 e5 48. c5+ Ke6 49. Ra2 e4+ 50. Ke2 Rg4
51. Kf2 Rf3+ 52. Ke1 Rg1+ 53. Rxg1 hxg1=Q+ 54. Ke2 Rf2# { White checkmated
} 0-1

[Event "ICC tourney 2517 (60 10)"]
[Site "Internet Chess Club"]
[Date "2021.04.18"]
[Round "4"]
[White "HUANG, JASON:Chesssmolbrain"]
[Black "Krishna, Rohan:RohanKrishna"]
[Result "0-1"]
[ICCResult "White resigns"]
[WhiteElo "1361"]
[BlackElo "1702"]
[Opening "Queen's bishop game"]
[ECO "A45"]
[NIC "QP.07"]
[Time "10:02:38"]
[PlyCount "54"]
[TimeControl "3600+10"]

1. d4 Nf6 2. Bf4 d5 3. Nf3 Bf5 4. e3 e6 5. Ne5 Be7 6. g4 Bg6 7. h4 h5 8. g5
Ne4 9. Nxg6 fxg6 10. f3 Nd6 11. Bd3 Nf5 12. Nc3 Bd6 13. Qd2 Bxf4 14. exf4
Qd6 15. O-O-O Nd7 16. Bxf5 gxf5 17. Rhe1 O-O-O 18. Kb1 Rhe8 19. Re3 Qxf4
20. Rde1 Nf8 21. Qd3 Qxh4 22. Re5 Ng6 23. R5e3 Nf4 24. Qd2 Qxg5 25. Nb5 a6
26. Na3 Ng2 27. Qb4 Nxe3 { White resigns } 0-1

[Event "ICC tourney 2517 (60 10)"]
[Site "Internet Chess Club"]
[Date "2021.04.18"]
[Round "4"]
[White "CHEN, HENRY:Bluebird1222"]
[Black "GOLDEN, RIPLEY:rgolden277"]
[Result "1-0"]
[ICCResult "Black resigns"]
[WhiteElo "1669"]
[BlackElo "1554"]
[Opening "Giuoco Piano"]
[ECO "C54"]
[NIC "IG.02"]
[Time "10:02:44"]
[PlyCount "51"]
[TimeControl "3600+10"]

1. e4 e5 2. Nf3 Nc6 3. Bc4 Bc5 4. c3 Nf6 5. d3 d6 6. Nbd2 Na5 7. Bb5+ c6 8.
Ba4 b5 9. Bc2 O-O 10. b4 Bxf2+ 11. Kxf2 Ng4+ 12. Ke2 Nb7 13. h3 Nf6 14. Re1
Nh5 15. Nf1 a5 16. Kf2 Qb6+ 17. Be3 Qd8 18. Kg1 Qf6 19. Nxe5 Qxe5 20. d4
Qf6 21. Qxh5 h6 22. Nh2 c5 23. Ng4 Bxg4 24. Qxg4 axb4 25. cxb4 cxd4 26. Rf1
{ Black resigns } 1-0

[Event "ICC tourney 2517 (60 10)"]
[Site "Internet Chess Club"]
[Date "2021.04.18"]
[Round "4"]
[White "Sheppard, Henry Saadi:henrysaadi"]
[Black "LANCMAN, KYLE B:Kyle2007"]
[Result "0-1"]
[ICCResult "White checkmated"]
[WhiteElo "1388"]
[BlackElo "2049"]
[Opening "Nimzo-Indian: Sämisch variation"]
[ECO "E24"]
[NIC "NI.18"]
[Time "10:02:54"]
[PlyCount "66"]
[TimeControl "3600+10"]

1. d4 Nf6 2. c4 e6 3. Nc3 Bb4 4. a3 Bxc3+ 5. bxc3 b6 6. Nf3 Ba6 7. e3 O-O
8. Bd3 Nc6 9. e4 Na5 10. e5 Ne8 11. Bxh7+ Kxh7 12. Ng5+ Kg6 13. Qd3+ f5 14.
exf6+ Kxf6 15. Nh7+ Ke7 16. Bg5+ Nf6 17. Bxf6+ gxf6 18. Nxf8 Qxf8 19. Qh7+
Qf7 20. Qe4 Rg8 21. c5 bxc5 22. dxc5 Nb3 23. Rb1 Nxc5 24. Qb4 d6 25. Qa5
Kd7 26. g3 Qg6 27. Kd1 Qxb1+ 28. Kd2 Qd3+ 29. Kc1 Nb3+ 30. Kb2 Nxa5 31. f3
Rb8+ 32. Ka1 Qxc3+ 33. Ka2 Qb2# { White checkmated } 0-1

[Event "ICC tourney 2517 (60 10)"]
[Site "Internet Chess Club"]
[Date "2021.04.18"]
[Round "4"]
[White "GILLMAN, JONES:JonesGill"]
[Black "MERCHANT, AENEAS:Aeneas"]
[Result "0-1"]
[ICCResult "White checkmated"]
[WhiteElo "1387"]
[BlackElo "1685"]
[Opening "Sicilian defense"]
[ECO "B40"]
[NIC "SI.43"]
[Time "10:02:55"]
[PlyCount "208"]
[TimeControl "3600+10"]

1. e4 c5 2. Nf3 e6 3. g3 d5 4. exd5 exd5 5. d4 Nf6 6. Nc3 Bg4 7. Bg2 Nc6 8.
dxc5 Bxc5 9. O-O O-O 10. Bg5 Nd4 11. h3 Nxf3+ 12. Bxf3 Bxh3 13. Bg2 Bxg2
14. Kxg2 d4 15. Ne4 Qd5 16. Bxf6 Qxe4+ 17. f3 Qd5 18. Qd3 gxf6 19. Rh1 f5
20. Qd2 Qe6 21. Rh6 Qe3 22. Qxe3 dxe3 23. Rah1 Rfd8 24. Rxh7 Rd2+ 25. Kf1
e2+ 26. Ke1 Rd1+ 27. Kxe2 Rxh1 28. Rxh1 Kg7 29. Kd1 Rd8+ 30. Kc1 Be3+ 31.
Kb1 Rd2 32. a3 Rg2 33. Re1 Bg5 34. f4 Bf6 35. Re3 Kg6 36. Rb3 b6 37. Rd3
Rg1+ 38. Ka2 Rg2 39. Kb1 Kh5 40. Rd6 Be7 41. Rd7 Bc5 42. Rxf7 Rxg3 43.
Rxf5+ Kg4 44. Rf7 Rf3 45. Rxa7 Rxf4 46. Ra8 Kf3 47. a4 Bb4 48. Rb8 Ba5 49.
c3 Rxa4 50. b4 Bxb4 51. cxb4 Rxb4+ 52. Kc2 Ke3 53. Kc3 Rb1 54. Kc4 Ke4 55.
Re8+ Kf5 56. Rb8 Ke5 57. Rh8 Kd6 58. Rh6+ Kc7 59. Rh7+ Kc6 60. Rh6+ Kb7 61.
Rh7+ Ka6 62. Rh6 Rc1+ 63. Kb4 Rb1+ 64. Kc4 Ka5 65. Rh8 b5+ 66. Kc5 Rc1+ 67.
Kd4 b4 68. Ra8+ Kb5 69. Rb8+ Ka4 70. Ra8+ Kb3 71. Rb8 Ka3 72. Ra8+ Kb2 73.
Rb8 b3 74. Kd3 Ka2 75. Ra8+ Kb1 76. Rb8 b2 77. Kd2 Rc2+ 78. Kd1 Rc4 79. Kd2
Ra4 80. Kc3 Ra3+ 81. Kd2 Ka1 82. Kc2 Ra5 83. Rxb2 Rc5+ 84. Kb3 Rb5+ 85. Kc3
Rxb2 86. Kd3 Kb1 87. Kc3 Rc2+ 88. Kd3 Kb2 89. Kd4 Kb3 90. Kd3 Rc4 91. Kd2
Rc3 92. Ke2 Kc2 93. Kf2 Kd2 94. Kg2 Re3 95. Kf2 Rd3 96. Kg2 Ke2 97. Kg1 Rf3
98. Kg2 Re3 99. Kg1 Kf3 100. Kf1 Re8 101. Kg1 Kg3 102. Kf1 Kf3 103. Kg1 Rh8
104. Kf1 Rh1# { White checkmated } 0-1

[Event "ICC tourney 2517 (60 10)"]
[Site "Internet Chess Club"]
[Date "2021.04.18"]
[Round "4"]
[White "WANG, FELICITY:fireheart"]
[Black "Chin, Spencer:Baseballchamp"]
[Result "1-0"]
[ICCResult "Black checkmated"]
[WhiteElo "1649"]
[BlackElo "1913"]
[Opening "Sicilian: Kan, 5.Bd3"]
[ECO "B42"]
[NIC "SI.42"]
[Time "10:02:51"]
[PlyCount "47"]
[TimeControl "3600+10"]

1. e4 c5 2. Nf3 e6 3. d4 cxd4 4. Nxd4 a6 5. Bd3 Qc7 6. Be3 Nc6 7. Nxc6 dxc6
8. Nd2 Nf6 9. O-O Bd6 10. f4 e5 11. f5 b5 12. c4 O-O 13. g4 Rd8 14. g5 Nd7
15. Qh5 Bc5 16. Rae1 Qb6 17. Rf3 Bxe3+ 18. Rexe3 Nf6 19. gxf6 Rxd3 20. Qg5
Kf8 21. Qxg7+ Ke8 22. Qg8+ Kd7 23. Qxf7+ Kd6 24. Qe7# { Black checkmated }
1-0

[Event "ICC tourney 2517 (60 10)"]
[Site "Internet Chess Club"]
[Date "2021.04.18"]
[Round "4"]
[White "YEE, AUSTEN:kleeno2"]
[Black "Xiao, Marina:marinaxiao"]
[Result "0-1"]
[ICCResult "White resigns"]
[WhiteElo "894"]
[BlackElo "1512"]
[Opening "King's Indian: East Indian defense"]
[ECO "A48"]
[NIC "QP.06"]
[Time "10:02:39"]
[PlyCount "72"]
[TimeControl "3600+10"]

1. d4 Nf6 2. Nf3 g6 3. b3 Bg7 4. Bb2 d6 5. e3 O-O 6. Bd3 Nc6 7. Nbd2 Nd7 8.
a3 e5 9. c4 f5 10. d5 Ne7 11. e4 fxe4 12. Bxe4 Nc5 13. Bb1 a5 14. h3 Nf5
15. b4 axb4 16. axb4 Rxa1 17. Bxa1 Nd7 18. h4 Re8 19. Ne4 Nf6 20. g4 Nxg4
21. h5 Nf6 22. hxg6 hxg6 23. Rg1 Nxe4 24. Bxe4 Qf6 25. Qa4 Rf8 26. Qc2 Bd7
27. b5 Re8 28. Bc3 Nd4 29. Bxd4 exd4 30. Kf1 Bh3+ 31. Ke2 Qf4 32. Qd3 Rxe4+
33. Kd1 Bg4 34. Rg3 Bh6 35. Kc2 Bf5 36. Qa3 Re3+ { White resigns } 0-1

[Event "ICC tourney 2517 (60 10)"]
[Site "Internet Chess Club"]
[Date "2021.04.18"]
[Round "4"]
[White "Ng, Timothy:timothyng2007"]
[Black "JIANG, ANDY:anan193"]
[Result "1/2-1/2"]
[ICCResult "Game drawn by mutual agreement"]
[WhiteElo "1801"]
[BlackElo "1618"]
[Opening "Sicilian: dragon, Yugoslav attack, 10.O-O-O"]
[ECO "B78"]
[NIC "SI.18"]
[Time "10:03:02"]
[PlyCount "110"]
[TimeControl "3600+10"]

1. e4 c5 2. Nf3 d6 3. d4 cxd4 4. Nxd4 Nf6 5. Nc3 g6 6. f3 Bg7 7. Be3 O-O 8.
Bc4 Nc6 9. Qd2 Bd7 10. O-O-O Rc8 11. Bb3 Nxd4 12. Bxd4 b5 13. g4 a5 14. g5
Nh5 15. Bxg7 Nxg7 16. a3 b4 17. axb4 axb4 18. Nd5 Ra8 19. Qxb4 Nh5 20. Qb6
Qe8 21. Kb1 Rb8 22. Qd4 Be6 23. Rhf1 Bxd5 24. Bxd5 Qb5 25. f4 Rfc8 26. f5
gxf5 27. Rxf5 e5 28. Bxf7+ Kh8 29. Bxh5 exd4 30. Rxb5 Rxb5 31. Rxd4 Rxg5
32. Bd1 Rc6 33. b4 Rg2 34. h3 Rh2 35. Rd3 Rb6 36. Rb3 Kg7 37. Kb2 Kf6 38.
Bg4 Ke5 39. Bf5 h6 40. Ka3 Rxc2 41. Rd3 Rc4 42. Rd5+ Kf4 43. b5 h5 44. Kb3
Rc1 45. Kb4 Ra1 46. Kc4 h4 47. Kb4 Re1 48. Ka5 Rb8 49. Rxd6 Ra1+ 50. Kb4
Rb1+ 51. Kc4 R1xb5 52. Rh6 Kg5 53. Rh7 R5b7 54. Kd4 Rxh7 55. Bxh7 Re8 {
Game drawn by mutual agreement } 1/2-1/2

[Event "ICC tourney 2517 (60 10)"]
[Site "Internet Chess Club"]
[Date "2021.04.18"]
[Round "4"]
[White "Lee, Noah:noahl08"]
[Black "PICHUGOV, ANDREY:AcridLeaf"]
[Result "0-1"]
[ICCResult "White checkmated"]
[WhiteElo "1454"]
[BlackElo "1585"]
[Opening "Sicilian defense"]
[ECO "B30"]
[NIC "SI.31"]
[Time "10:03:01"]
[PlyCount "72"]
[TimeControl "3600+10"]

1. e4 c5 2. Nf3 Nc6 3. c3 Nf6 4. e5 Nd5 5. d4 cxd4 6. cxd4 d6 7. exd6 Qxd6
8. Nc3 e6 9. Bc4 Nb6 10. Bb3 Be7 11. Be3 O-O 12. Bc2 Nb4 13. a3 Nxc2+ 14.
Qxc2 Bd7 15. O-O Rac8 16. Qd2 Nc4 17. Qe2 b5 18. Rfd1 Bc6 19. Nd2 Bb7 20.
Nde4 Bxe4 21. Nxe4 Qc6 22. Nc3 Nxb2 23. Qxb2 Qxc3 24. Qxb5 Bxa3 25. Qg5 Rc7
26. d5 f6 27. Qg4 exd5 28. Qe6+ Kh8 29. Qxd5 h6 30. Bd4 Qb4 31. Rdb1 Rfc8
32. h3 Qd6 33. Qxd6 Bxd6 34. Bxa7 Be5 35. Ra2 Rc1+ 36. Rxc1 Rxc1# { White
checkmated } 0-1

[Event "ICC tourney 2517 (60 10)"]
[Site "Internet Chess Club"]
[Date "2021.04.18"]
[Round "4"]
[White "DASARI, ARJUN:CHESSB111"]
[Black "TORRES, ETHAN:chess4bigbrain"]
[Result "1-0"]
[ICCResult "Black checkmated"]
[WhiteElo "1292"]
[BlackElo "1077"]
[Opening "Petrov: Damiano variation"]
[ECO "C42"]
[NIC "RG.03"]
[Time "10:03:00"]
[PlyCount "141"]
[TimeControl "3600+10"]

1. e4 e5 2. Nf3 Nf6 3. Nxe5 Nxe4 4. Bc4 d5 5. Bb5+ c6 6. Ba4 Qf6 7. Nf3 Bc5
8. O-O Qg6 9. d3 Bh3 10. Nh4 Qe6 11. dxe4 dxe4 12. Nc3 O-O 13. Bb3 Qe5 14.
Re1 Bd6 15. Nf3 Qf5 16. Nxe4 Qg6 17. Ng3 Bxg3 18. fxg3 Bg4 19. Ne5 Bxd1 20.
Nxg6 hxg6 21. Rxd1 Na6 22. Bg5 Nc5 23. Be7 Nxb3 24. cxb3 Rfe8 25. Bb4 Re6
26. Re1 Rf6 27. Rad1 a5 28. Bc3 Rf5 29. Rd7 b5 30. Red1 Kh7 31. Rc7 c5 32.
Rdd7 Rf8 33. Bxa5 b4 34. Bb6 Re8 35. Rd1 Re6 36. Bxc5 Re2 37. Rf1 Rfe5 38.
Bxb4 f5 39. Bc3 Re6 40. Rxg7+ Kh6 41. Rf7 Kg5 42. h4+ Kg4 43. Rf4+ Kxg3 44.
Rf3+ Kxh4 45. Rh7+ Kg4 46. Rhh3 Rc2 47. Rf1 Ree2 48. Rh2 f4 49. b4 Kg3 50.
Be1+ Kg4 51. Rh4+ Kf5 52. Rhxf4+ Kg5 53. R4f2 Rxf2 54. Rxf2 Rc1 55. Rf1 Kh5
56. b5 Rc2 57. Bc3 g5 58. b6 Re2 59. b7 Re8 60. Rf7 Kg6 61. Rg7+ Kh5 62.
Rc7 Rd8 63. a4 Rd1+ 64. Kh2 Ra1 65. b8=Q Rxa4 66. Rh7+ Kg4 67. Qg3+ Kf5 68.
Rf7+ Kg6 69. Rf6+ Kh7 70. Qxg5 Kh8 71. Rh6# { Black checkmated } 1-0

[Event "ICC tourney 2517 (60 10)"]
[Site "Internet Chess Club"]
[Date "2021.04.18"]
[Round "4"]
[White "NANUGONDA, VISHVA:Vish1080"]
[Black "MYSORE, ABHINAV NAVEEN:Mapking1"]
[Result "1/2-1/2"]
[ICCResult "Game drawn by mutual agreement"]
[WhiteElo "1832"]
[BlackElo "1999"]
[Opening "Réti opening"]
[ECO "A30"]
[NIC "QP.10"]
[Time "10:02:50"]
[PlyCount "32"]
[TimeControl "3600+10"]

1. Nf3 c5 2. c4 g6 3. e3 Bg7 4. d4 Nf6 5. Nc3 d5 6. dxc5 Qa5 7. Qa4+ Qxa4
8. Nxa4 dxc4 9. Bxc4 Nbd7 10. b4 a5 11. b5 Ne4 12. Rb1 Nexc5 13. Nxc5 Nxc5
14. Ba3 Ne4 15. O-O Bf6 16. Rbc1 O-O { Game drawn by mutual agreement }
1/2-1/2

[Event "ICC tourney 2517 (60 10)"]
[Site "Internet Chess Club"]
[Date "2021.04.18"]
[Round "4"]
[White "Nieuwerburgh, Paul Alexander:pvnieuwe"]
[Black "Ananth, Ananya:Ananya22609"]
[Result "1-0"]
[ICCResult "Black resigns"]
[WhiteElo "1501"]
[BlackElo "1637"]
[Opening "Sicilian: Alapin's variation (2.c3)"]
[ECO "B22"]
[NIC "SI.46"]
[Time "10:02:51"]
[PlyCount "54"]
[TimeControl "3600+10"]

1. e4 c5 2. c3 d5 3. exd5 Qxd5 4. d4 cxd4 5. cxd4 Nc6 6. Nf3 Bf5 7. Nc3 Qd8
8. Bb5 e6 9. O-O a6 10. Ba4 Nf6 11. Ne5 Rc8 12. Bg5 Be7 13. Qf3 Qb6 14.
Rac1 Bd6 15. Bxf6 gxf6 16. Nc4 Qd8 17. d5 b5 18. Nxb5 axb5 19. Bxb5 exd5
20. Nxd6+ Qxd6 21. Qxf5 O-O 22. Bd3 Rfd8 23. Qxh7+ Kf8 24. Rfe1 Ne5 25.
Rxc8 Rxc8 26. Qh8+ Ke7 27. Qxc8 Qb4 { Black resigns } 1-0

[Event "ICC tourney 2517 (60 10)"]
[Site "Internet Chess Club"]
[Date "2021.04.18"]
[Round "4"]
[White "Reiss, Aiden:Aidenrchess"]
[Black "MUNDAYAT, Abinav Rajiv:carlsthe1"]
[Result "1/2-1/2"]
[ICCResult "Game drawn by mutual agreement"]
[WhiteElo "1853"]
[BlackElo "2124"]
[Opening "Sicilian: Labourdonnais-Löwenthal (Kalashnikov) variation"]
[ECO "B32"]
[NIC "SI.32"]
[Time "10:02:36"]
[PlyCount "52"]
[TimeControl "3600+10"]

1. e4 c5 2. Ne2 Nc6 3. d4 cxd4 4. Nxd4 e5 5. Nb5 d6 6. N1c3 a6 7. Na3 b5 8.
Nd5 Nge7 9. c4 Nd4 10. Be3 Nxd5 11. cxd5 Be7 12. Bd3 O-O 13. O-O f5 14.
Bxd4 exd4 15. Nc2 Bf6 16. exf5 Qb6 17. Qg4 Bb7 18. Be4 a5 19. Rfd1 Rac8 20.
Rd2 Qc5 21. Rad1 Bxd5 22. Nxd4 Bxe4 23. Qxe4 Bxd4 24. Qxd4 Rxf5 25. Qxd6
Qxd6 26. Rxd6 Rc2 { Game drawn by mutual agreement } 1/2-1/2

[Event "ICC tourney 2517 (60 10)"]
[Site "Internet Chess Club"]
[Date "2021.04.18"]
[Round "4"]
[White "LOCHAM, DIVJOT SINGH:winner08"]
[Black "Shah, Rohail:batmanthechamp"]
[Result "1-0"]
[ICCResult "Black checkmated"]
[WhiteElo "1809"]
[BlackElo "1465"]
[Opening "French: Tarrasch, open variation"]
[ECO "C07"]
[NIC "FR.18"]
[Time "10:02:54"]
[PlyCount "83"]
[TimeControl "3600+10"]

1. e4 e6 2. d4 d5 3. Nd2 c5 4. Ngf3 Nc6 5. exd5 Qxd5 6. Bc4 Qd8 7. dxc5
Bxc5 8. O-O Nf6 9. Re1 O-O 10. Qe2 Re8 11. b3 Nd4 12. Nxd4 Qxd4 13. Rb1 Ng4
14. Ne4 f5 15. Nxc5 Qxc5 16. h3 Nf6 17. Be3 Qc7 18. Rbd1 Bd7 19. Bd4 Ne4
20. f3 Ng3 21. Qf2 Nh5 22. Be5 Qc6 23. Rd6 Qc8 24. Red1 Bc6 25. Qh4 Nf6 26.
Qg5 Kf7 27. h4 h6 28. Qxf5 b5 29. h5 bxc4 30. Qg6+ Kf8 31. Bxf6 gxf6 32.
Qxf6+ Kg8 33. Qg6+ Kf8 34. Qxh6+ Kg8 35. Qg6+ Kh8 36. h6 Rg8 37. Qf6+ Kh7
38. Qf7+ Kh8 39. Rxe6 Bxf3 40. Qf6+ Kh7 41. Re7+ Rg7 42. Qxg7# { Black
checkmated } 1-0

[Event "ICC tourney 2517 (60 10)"]
[Site "Internet Chess Club"]
[Date "2021.04.18"]
[Round "4"]
[White "MERCHANT, PENELOPE:TweensGambit"]
[Black "CHAN, JADEN J:acushemama"]
[Result "0-1"]
[ICCResult "White checkmated"]
[WhiteElo "1342"]
[BlackElo "1522"]
[Opening "Sicilian: Alapin's variation (2.c3)"]
[ECO "B22"]
[NIC "SI.46"]
[Time "10:02:41"]
[PlyCount "146"]
[TimeControl "3600+10"]

1. e4 c5 2. c3 e6 3. d4 Nf6 4. e5 Nd5 5. Nf3 d6 6. exd6 Bxd6 7. Bc4 Nc6 8.
O-O O-O 9. Bxd5 exd5 10. Be3 b6 11. Nbd2 Bg4 12. h3 Bh5 13. Qa4 Rc8 14. Qb5
Ne7 15. Qd3 Bg6 16. Qe2 Re8 17. Nh4 Nf5 18. Nxf5 Bxf5 19. Qf3 Bg6 20. Bf4
Bxf4 21. Qxf4 Qc7 22. Qxc7 Rxc7 23. Rfe1 Rce7 24. Nf3 Be4 25. Nd2 h6 26.
dxc5 bxc5 27. Nxe4 Rxe4 28. Kf1 Kh7 29. f3 Rxe1+ 30. Rxe1 Rxe1+ 31. Kxe1
Kg6 32. Ke2 Kf6 33. Ke3 Kf5 34. g3 g5 35. g4+ Ke5 36. b3 a5 37. a3 f6 38.
b4 axb4 39. axb4 Kd6 40. f4 Kc6 41. fxg5 fxg5 42. Kd3 Kb5 43. bxc5 Kxc5 44.
Kc2 Kc4 45. Kd2 d4 46. cxd4 Kxd4 47. Ke2 Ke4 48. Kf2 Kf4 49. Kg2 Ke3 50.
Kg3 Ke4 51. h4 Ke3 52. h5 Ke4 53. Kg2 Kf4 54. Kh3 Kf3 55. Kh2 Kxg4 56. Kg2
Kxh5 57. Kh3 g4+ 58. Kg3 Kg5 59. Kg2 h5 60. Kg3 h4+ 61. Kg2 Kf4 62. Kf2 g3+
63. Kg2 Kg4 64. Kg1 h3 65. Kh1 Kf3 66. Kg1 g2 67. Kh2 Kf2 68. Kxh3 g1=Q 69.
Kh4 Kf3 70. Kh5 Kf4 71. Kh6 Kf5 72. Kh7 Kf6 73. Kh8 Qg7# { White checkmated
} 0-1

[Event "ICC tourney 2517 (60 10)"]
[Site "Internet Chess Club"]
[Date "2021.04.18"]
[Round "4"]
[White "WU, ANDY:ScorpianFire7"]
[Black "DASARI, SUSHMA REDDY:sushmadasari"]
[Result "0-1"]
[ICCResult "White resigns"]
[WhiteElo "1551"]
[BlackElo "1716"]
[Opening "Sicilian defense"]
[ECO "B40"]
[NIC "SI.43"]
[Time "10:02:48"]
[PlyCount "70"]
[TimeControl "3600+10"]

1. e4 c5 2. Nf3 e6 3. c3 Nf6 4. e5 Nd5 5. d4 cxd4 6. cxd4 d6 7. Nc3 Nc6 8.
Nxd5 exd5 9. exd6 Bxd6 10. Bd3 O-O 11. O-O Bg4 12. Be2 Re8 13. Re1 Bxf3 14.
Bxf3 Rxe1+ 15. Qxe1 Nxd4 16. Qd1 Nxf3+ 17. Qxf3 Qc7 18. g3 d4 19. Qd3 Be5
20. Bd2 Rd8 21. Rc1 Qb6 22. b3 h6 23. f4 Bf6 24. Be1 Qd6 25. Bf2 a6 26. Rc4
b5 27. Rc2 Re8 28. Rd2 Rc8 29. Qe4 Rd8 30. Qd3 Qd5 31. Re2 Rc8 32. Re1 g6
33. Rd1 a5 34. h3 a4 35. b4 Qxa2 { White resigns } 0-1

[Event "ICC tourney 2517 (60 10)"]
[Site "Internet Chess Club"]
[Date "2021.04.18"]
[Round "4"]
[White "KISLAY, KAUSTUBH:MehPlayer"]
[Black "Nasta, Kiren:knasta"]
[Result "0-1"]
[ICCResult "White resigns"]
[WhiteElo "1430"]
[BlackElo "1897"]
[Opening "Queen's pawn: London system"]
[ECO "A45"]
[NIC "QP.07"]
[Time "10:02:52"]
[PlyCount "78"]
[TimeControl "3600+10"]

1. d4 Nf6 2. Bf4 g6 3. e3 Bg7 4. Nc3 d5 5. h4 h5 6. Be2 O-O 7. Nf3 c5 8.
Ne5 Nc6 9. Bf3 cxd4 10. exd4 Qb6 11. Qd2 Qxd4 12. O-O-O Qxd2+ 13. Rxd2 Rd8
14. Re1 Be6 15. Nxg6 fxg6 16. Rxe6 Kf7 17. Re1 e5 18. Bg5 e4 19. Bxf6 Bxf6
20. Be2 Bxc3 21. bxc3 Ke6 22. Red1 a6 23. f3 Ke5 24. g4 hxg4 25. fxg4 Ne7
26. Rf1 Rf8 27. Rdd1 Rxf1 28. Rxf1 Rh8 29. h5 gxh5 30. gxh5 Nf5 31. Kd2 Ng3
32. Rf7 Nxe2 33. Kxe2 Rxh5 34. Rxb7 Rh2+ 35. Kd1 Kf4 36. Rg7 Ke3 37. Rg3+
Kf2 38. Rg6 Rh1+ 39. Kd2 e3+ { White resigns } 0-1

[Event "ICC tourney 2517 (60 10)"]
[Site "Internet Chess Club"]
[Date "2021.04.18"]
[Round "4"]
[White "KARUNAKARAN, KAPILAN:kapilank"]
[Black "DESAI, VED:Zuiopal"]
[Result "1/2-1/2"]
[ICCResult "Game drawn by mutual agreement"]
[WhiteElo "1866"]
[BlackElo "1628"]
[Opening "Caro-Kann: Tartakower (Nimzovich) variation"]
[ECO "B15"]
[NIC "CK.06"]
[Time "10:12:10"]
[PlyCount "52"]
[TimeControl "3600+10"]

1. e4 c6 2. d4 d5 3. Nc3 dxe4 4. Nxe4 Nf6 5. Nxf6+ exf6 6. Nf3 Bd6 7. Bc4
O-O 8. O-O Bg4 9. h3 Bh5 10. Re1 Nd7 11. Be2 Re8 12. Nd2 Bg6 13. Nc4 Qc7
14. Nxd6 Qxd6 15. Be3 Nf8 16. Bd3 Bxd3 17. Qxd3 Ne6 18. Rad1 Rad8 19. c4 b6
20. Qc3 Qc7 21. d5 cxd5 22. cxd5 Qxc3 23. bxc3 Nf8 24. c4 Nd7 25. d6 h6 26.
Bf4 Re6 { Game drawn by mutual agreement } 1/2-1/2

[Event "ICC tourney 2517 (60 10)"]
[Site "Internet Chess Club"]
[Date "2021.04.18"]
[Round "4"]
[White "POWERS, COLDEN REED:TheChessKid90"]
[Black "IGEL, LIAH:ilikegoose"]
[Result "1-0"]
[ICCResult "Black resigns"]
[WhiteElo "1820"]
[BlackElo "1493"]
[Opening "QGD: 4.Bg5 Be7"]
[ECO "D53"]
[NIC "QO.13"]
[Time "10:02:47"]
[PlyCount "61"]
[TimeControl "3600+10"]

1. d4 d5 2. c4 e6 3. Nc3 Nf6 4. Bg5 Be7 5. e3 b6 6. Nf3 Bb7 7. Bd3 Nbd7 8.
O-O h6 9. Bf4 O-O 10. Rc1 c5 11. cxd5 Nxd5 12. Bg3 cxd4 13. Nxd4 Nc5 14.
Bc4 Bf6 15. Ncb5 Be7 16. a3 a6 17. Nc3 Rc8 18. b4 Nxc3 19. Rxc3 Ne4 20. Rd3
Bd6 21. Nxe6 Qe7 22. Bxd6 Nxd6 23. Rxd6 Rxc4 24. Nxf8 Rc1 25. Qd3 Be4 26.
Qd4 Rc4 27. Qxc4 Qxd6 28. Qxe4 Qxf8 29. Rd1 Qc8 30. Qd5 Kh7 31. h3 { Black
resigns } 1-0

[Event "ICC tourney 2517 (60 10)"]
[Site "Internet Chess Club"]
[Date "2021.04.18"]
[Round "4"]
[White "TAI, EMILY:ETfhonehome"]
[Black "WAKIDA, KEN:Yamato1945"]
[Result "0-1"]
[ICCResult "White resigns"]
[WhiteElo "1297"]
[BlackElo "1439"]
[Opening "Caro-Kann: exchange, Rubinstein variation"]
[ECO "B13"]
[NIC "CK.02"]
[Time "10:02:49"]
[PlyCount "58"]
[TimeControl "3600+10"]

1. e4 c6 2. d4 d5 3. exd5 cxd5 4. Bd3 Nc6 5. c3 Nf6 6. Bf4 Bg4 7. Qb3 Qd7
8. Nd2 e6 9. Ngf3 Be7 10. O-O O-O 11. Ne5 Nxe5 12. dxe5 Nh5 13. Bg3 Nxg3
14. hxg3 Bc5 15. c4 Rfd8 16. Nf3 Qc7 17. Rfe1 dxc4 18. Bxc4 Rac8 19. Re4
Bf5 20. Rf4 h6 21. Be2 b5 22. Bxb5 Rb8 23. Qa4 Qb6 24. Be2 Bxf2+ 25. Kh2
Qxb2 26. Rf1 Qxe2 27. Rc1 Be3 28. Rxf5 Bxc1 29. Rh5 Rb2 { White resigns }
0-1

[Event "ICC tourney 2517 (60 10)"]
[Site "Internet Chess Club"]
[Date "2021.04.18"]
[Round "4"]
[White "LIANG, JASON:Jupiter435"]
[Black "OH, JAMES Y:lemon365"]
[Result "1-0"]
[ICCResult "Black resigns"]
[WhiteElo "2384"]
[BlackElo "2023"]
[Opening "Sicilian defense"]
[ECO "B40"]
[NIC "SI.43"]
[Time "10:03:01"]
[PlyCount "53"]
[TimeControl "3600+10"]

1. e4 c5 2. Nf3 e6 3. g3 Nc6 4. Bg2 Qc7 5. O-O Nf6 6. Re1 d6 7. c3 Be7 8.
d4 cxd4 9. cxd4 O-O 10. Nc3 a6 11. Be3 Rd8 12. Rc1 Qa5 13. Nd2 Qh5 14. Qxh5
Nxh5 15. Nc4 Nf6 16. h3 Nd7 17. Na4 b5 18. Ncb6 bxa4 19. Nxa8 Bb7 20. Nb6
Nb4 21. Rc7 Nxb6 22. Rxb7 Nd3 23. Rd1 Nxb2 24. Rb1 N6c4 25. Rxe7 Rb8 26.
Rc7 a3 27. Rxc4 { Black resigns } 1-0